 Dungeon Crawl Stone Soup version 0.28.0-53-g5a82cb258f (webtiles) character file.

Game seed: 657784032737454902

984 Stomo the Skirmisher (level 7, -1/64 HPs)
             Began as a Grey Draconian Fighter on July 2, 2022.
             Was a Follower of Okawaru.
             Succumbed to an orc wizard's poison
             ... on level 6 of the Dungeon.
             The game lasted 00:08:36 (7682 turns).

Stomo the Skirmisher (Grey Draconian Fighter)       Turns: 7682, Time: 00:08:37

Health: -1/64      AC: 13    Str: 20    XL:     7   Next: 97%
Magic:  9/9        EV: 13    Int:  8    God:    Okawaru [*.....]
Gold:   258        SH:  0    Dex: 11    Spells: 6/6 levels left

rFire   . . .      SeeInvis .   w - +2 dire flail (vorpal)
rCold   . . .      Faith    .   (shield currently unavailable)
rNeg    . . .      Spirit   .   (armour unavailable)
rPois   .          Reflect  .   (helmet restricted)
rElec   .          Harm     .   h - +0 cloak
rCorr   .          Rampage  .   x - +0 pair of gloves
Will    .....                   (no boots)
Stlth   +.........              (no amulet)
HPRegen 0.20/turn               (no ring)
MPRegen 0.11/turn               (no ring)

@: lethally poisoned (-1 -> -14), invisible
A: AC +11, amphibious, unfitting armour, cold-blooded
a: Renounce Religion, Heroism


You were on level 6 of the Dungeon.
You worshipped Okawaru.
Okawaru was aware of your devotion.
You visited 2 branches of the dungeon, and saw 7 of its levels.
You also visited: Ossuary.

You collected 258 gold pieces.

Inventory:

Hand Weapons
 a - a +0 flail of flaming
 w - a +2 vorpal dire flail (weapon)
Armour
 b - a +0 buckler
 h - a +0 cloak (worn)
 x - a +0 pair of gloves (worn)
Jewellery
 j - a +6 ring of dexterity
Wands
 t - a wand of iceblast (10)
 u - a wand of flame (19)
Scrolls
 i - a scroll of blinking {unknown}
 l - a scroll of amnesia
 m - 2 scrolls of teleportation
 q - a scroll of fear
 r - 5 scrolls of identify
Potions
 c - a potion of mutation
 d - a potion of berserk rage {unknown}
 e - a potion of haste {unknown}
 f - 2 potions of invisibility
 g - a potion of degeneration {unknown}
 k - 3 potions of attraction {unknown}
 n - a potion of resistance {unknown}
 o - 3 potions of curing {unknown}
 p - 2 potions of flight {unknown}
 s - a potion of brilliance {unknown}
 v - a potion of lignification {unknown}


   Skills:
 + Level 6.3 Fighting
 + Level 5.4 Maces & Flails
 + Level 5.3 Dodging
 - Level 3.0 Shields
 + Level 2.7 Invocations


You had 6 spell levels left.
You didn't know any spells.
Your spell library contained the following spells:

 Spells                   Type           Power      Damage    Failure   Level
 Pain                     Necr           0%         1d4       41%         1
 Vampiric Draining        Necr           0%         2d6       78%         3
 Animate Skeleton         Necr           Unusable   N/A       N/A         1

Dungeon Overview and Level Annotations

Branches:
Dungeon (6/15)             Temple (1/1) D:5         Ossuary (visited)

Altars:
Ashenzari
Cheibriados
Dithmenos
Elyvilon
Fedhas
Gozag
Hepliaklqana
Kikubaaqudgha
Makhleb
Nemelex Xobeh
Okawaru
Qazlal
Ru
Sif Muna
Trog
Uskayaw
Vehumet
Wu Jian
Yredelemnul
Zin

Shops:
D:3 *


Innate Abilities, Weirdness & Mutations

Your dull iron-grey scales are very hard. (AC +11)
You are amphibious.
You cannot fit into any form of body armour.
You are cold-blooded and may be slowed by cold attacks.


Message History

You closely miss something.
You feel very sick. Something hits you but does no damage.
You are more poisoned.
You closely miss something.
You feel very sick. Something hits you but does no damage.
You are more poisoned.
You closely miss something.
Your tail-slap misses something.
You feel very sick. Something hits you but does no damage.
You barely miss something.
You feel very sick. Something hits you but does no damage.
You are more poisoned.
You closely miss something. You tail-slap something.
You feel very sick. Something hits you but does no damage.
You are more poisoned.
You miss something.
Your tail-slap misses something.
You feel extremely sick. Something hits you.
You are more poisoned.
The sky beast flickers out of sight!
You are too injured to fight recklessly!
You are too injured to fight recklessly!
Unknown command.
* * * LOW HITPOINT WARNING * * *
You feel extremely sick.
* * * LOW HITPOINT WARNING * * *
You feel very sick.
* * * LOW HITPOINT WARNING * * *
You feel very sick.
A sky beast appears from thin air!
Reactivating autopickup.
* * * LOW HITPOINT WARNING * * *
You feel very sick.
It was a potion of invisibility.
You fade into invisibility!
You die...

.........##........##....
.........##........##....
.........##........##....
.........##........######
#########..........# #
#.##.############ ##.
#.##.###.........
....o#######....(...........
....oY.o.o.@.[..###.........
...≈≈############ #.........
..≈ #......... . #.........
#......... #.........
#......... #.........
##########


You could see a sky beast and 4 orcs.

Vanquished Creatures
  An orc warrior (D:4)
  3 scorpions
  An orc priest (D:5)
  A gnoll shaman (D:5)
  A hound (D:4)
  Natasha (thrice) (D:2)
  2 orc wizards
  2 iguanas
  A hound skeleton (D:4)
  14 mummies
  Robin (D:4)
  A howler monkey skeleton (D:5)
  5 gnolls (D:5)
  8 adders
  An ufetubus (D:4)
  2 dart slugs
  14 orcs
  2 ball pythons
  9 endoplasms
  A giant cockroach (D:4)
  11 goblins
  7 hobgoblins
  10 jackals
  6 kobolds
  5 quokkas
  6 bats
  7 frilled lizards
  2 goblin skeletons (Ossuary)
  4 kobold skeletons (Ossuary)
  2 orc skeletons (Ossuary)
  5 rats
  11 rat skeletons (Ossuary)
149 creatures vanquished.

Vanquished Creatures (others)
  A plant (D:5)
1 creature vanquished.

Grand Total: 150 creatures vanquished

Notes
Turn   | Place    | Note
-------+----------+-------------------------------------------
     0 | D:1      | Stomo the Draconian Fighter began the quest for the Orb.
     0 | D:1      | Reached XP level 1. HP: 19/19 MP: 1/1
   307 | D:1      | Reached XP level 2. HP: 24/26 MP: 2/2
   443 | D:1      | Found a faded altar of an unknown god.
  1159 | D:2      | Reached XP level 3. HP: 33/33 MP: 3/3
  1495 | D:2      | Noticed Natasha
  1508 | D:2      | Reached skill level 4 in Fighting
  1526 | D:2      | Killed Natasha
  1527 | D:2      | Reached XP level 4. HP: 3/40 MP: 4/4
  2135 | D:2      | Noticed Natasha
  2148 | D:2      | Killed Natasha
  2279 | D:2      | Noticed Natasha
  2283 | D:2      | Killed Natasha
  2452 | D:3      | Found a white marble altar of Elyvilon.
  2464 | D:3      | Reached XP level 5. HP: 43/47 MP: 5/5
  2609 | D:3      | Found Zin's Purification Station.
  2614 | D:3      | Found a glowing silver altar of Zin.
  3120 | D:4      | Found a sand-covered staircase.
  3130 | Ossuary  | Entered an ossuary
  3291 | Ossuary  | Reached skill level 5 in Fighting
  3339 | Ossuary  | Reached XP level 6. HP: 56/56 MP: 6/6
  4168 | D:4      | Found an opulent altar of Gozag.
  4404 | D:4      | Noticed Robin
  4415 | D:4      | Killed Robin
  4549 | D:4      | Found a blossoming altar of Fedhas.
  4557 | D:4      | Found an iron altar of Okawaru.
  4634 | D:4      | Became a worshipper of Warmaster Okawaru
  4685 | D:4      | Found a hide-covered altar of Uskayaw.
  5012 | D:4      | Your scales start taking on a dull iron-grey colour.
  5012 | D:4      | Reached XP level 7. HP: 59/61 MP: 7/7
  5384 | D:5      | Entered Level 5 of the Dungeon
  5654 | D:5      | Reached skill level 1 in Invocations
  6010 | D:4      | Reached skill level 6 in Fighting
  6010 | D:4      | Reached skill level 5 in Maces & Flails
  6010 | D:4      | Reached skill level 5 in Dodging
  6384 | D:5      | Reached * piety under Okawaru
  6807 | D:5      | Found a staircase to the Ecumenical Temple.
  7074 | Temple   | Entered the Ecumenical Temple
  7681 | D:6      | HP: 2/64 [poisoned by an orc wizard]
  7682 | D:6      | Succumbed to an orc wizard's poison

Illustrated notes

Levels and vault maps discovered:
D:1:      sevenhm_arrival_forest_fort_small_3, layout_rooms,
          hellmonk_ecumenical_altar_crossroads
D:2:      layout_basic, chequers_serial_rivers_large_a,
          corexii_leaking_fountain, uniq_natasha
D:3:      layout_rooms, zin_purify, marbit_many_paths
D:4:      layout_loops_corners, minitemple, mainiacjoe_overflow_tiny_flanked,
          mainiacjoe_overflow_boulevard, gup_ossuary_entry_pyramid,
          minmay_misc_feat_more_columns, uniq_crazy_yiuf_cottage, uniq_robin
D:5:      layout_loops_ring, minmay_temple_entry_poolview, saegor_snake_ambush
D:6:      layout_basic
Temple:   dpeg_chambers_temple

Skill      XL: |  1  2  3  4  5  6  7 |
---------------+----------------------+-----
Dodging        | 3 4 5 |  5.3
Fighting       | 4 5 6 |  6.3
Maces & Flails | 3 4 5 |  5.4
Invocations    | 2 |  2.7
Shields        | |  3.0

Action                   |  1- 3 |  4- 6 |  7- 9 || total
-------------------------+-------+-------+-------++-------
Melee: Flail             |   130 |   189 |    67 ||   386
       Tailslap          |     8 |    13 |    19 ||    40
       Punch             |     1 |     1 |     1 ||     3
       Dire flail        |       |       |    78 ||    78
  Use: Scroll            |     1 |     4 |     5 ||    10
       Potion            |     1 |       |     1 ||     2
 Stab: Sleeping          |       |     3 |       ||     3
Armor: Skin              |    42 |    37 |    66 ||   145
Dodge: Dodged            |   106 |    89 |    99 ||   294
